 Dungeon Crawl Stone Soup version 0.32-a0-933-ga8fa3634e4 (webtiles) character file.

Game seed: 4319773535083625239

20844 Meejax the Protected (level 12, -4/93 HPs)
             Began as a Demonspawn Gladiator on Apr 14, 2024.
             Was an Elder of Qazlal.
             Killed by divine providence
             ... invoked by a meliai
              (15 damage)
             ... on level 12 of the Dungeon.
             The game lasted 00:31:01 (11187 turns).

Meejax the Protected (Demonspawn Gladiator)        Turns: 11187, Time: 00:31:02

Health: -4/93      AC: 27    Str: 17    XL:     12   Next: 48%
Magic:  21/21      EV:  7    Int:  8    God:    Qazlal [****..]
Gold:   857        SH:  5    Dex: 18    Spells: 11/11 levels left

rFire   + . .        s - +12 dire flail "Duohyff" {flame, rC+}
rCold   + . .        (shield currently unavailable)
rNeg    + . .        A - +0 plate armour of the Black Skies {rF+ rN+ Slay+5 Stlth+}
rPois   .            c - +0 helmet
rElec   .            j - +1 cloak
rCorr   .            E - +2 pair of gloves
SInv    .            y - +0 pair of boots
Will    .....        (no amulet) Stlth
                     g - ring of magical power
HPRegen 0.35/turn    (no ring)
MPRegen 0.17/turn

%: repel missiles
@: studying 2 skills
A: demonic guardian 1, powered by death 2, augmentation 1, sharp scales 2,
demonic touch 2, camouflage 1, inability to read after injury 1
a: Renounce Religion, Upheaval, Elemental Force


You were on level 12 of the Dungeon.
You worshipped Qazlal.
Qazlal was greatly pleased with you.
You visited 2 branches of the dungeon, and saw 13 of its levels.
You also visited: Ice Cave.

You collected 1750 gold pieces.
You spent 893 gold pieces at shops.

Inventory:

Hand Weapons
 s - the +12 dire flail "Duohyff" (weapon) {flame, rC+}
   (You bought it in a shop on level 1 of the Dungeon)

   rC+:       It protects you from cold.
 w - the +8 sling of the Keeping Queen {speed, Int+7 Stlth+}
   (You found it on level 2 of the Dungeon)

   Int+7:     It affects your intelligence (+7).
   Stlth+:    It makes you more stealthy.
 x - a +1 scimitar
Missiles
 e - a javelin
 u - 91 stones
 F - 2 throwing nets (quivered)
Armour
 b - a +0 leather armour
 c - a +0 helmet (worn)
 j - a +1 cloak (worn)
 v - a +0 pair of gloves
 y - a +0 pair of boots (worn)
 A - the +0 plate armour of the Black Skies (worn) {rF+ rN+ Slay+5 Stlth+}
   (You found it on level 5 of the Dungeon)

   Slay+5:    It affects your accuracy & damage with ranged weapons and melee
   (+5).
   rF+:       It protects you from fire.
   rN+:       It protects you from negative energy.
   Stlth+:    It makes you more stealthy.
 E - a +2 pair of gloves (worn)
Jewellery
 g - a ring of magical power (left hand)
 n - a ring of ice
 D - an amulet of the acrobat
 K - a +6 ring of strength
Wands
 l - a wand of polymorph (6)
 t - a wand of flame (39)
 z - a wand of digging (3)
 B - a wand of roots (23)
 I - a wand of paralysis (3)
Scrolls
 a - a scroll of fear
 d - 3 scrolls of immolation
 f - 2 scrolls of brand weapon
 h - a scroll of blinking
 i - 4 scrolls of identify
 m - 4 scrolls of torment
 o - a scroll of poison
 r - 4 scrolls of fog
Potions
 k - a potion of magic
 p - 4 potions of enlightenment
 q - 3 potions of might
 C - a potion of brilliance
 H - a potion of lignification {unknown}
 J - a potion of berserk rage
 L - 2 potions of attraction
 M - 2 potions of curing
Miscellaneous
 G - a sack of spiders


   Skills:
 + Level 8.2 Fighting
 + Level 6.6 Long Blades
 + Level 10.5 Maces & Flails
 + Level 8.2 Ranged Weapons
 - Level 1.8 Throwing
 + Level 12.9 Armour
 + Level 3.7 Dodging
 + Level 1.9 Stealth
 + Level 2.6 Shields


You had 11 spell levels left.
You didn't know any spells.
Your spell library contained the following spells:

 Spells                   Type           Power      Damage    Failure   Level
 Foxfire                  Conj/Fire      0%         2x1d4     100%        1
 Freeze                   Ice            0%         1d3       100%        1
 Blink                    Tloc           0%         N/A       100%        2
 Lesser Beckoning         Tloc           0%         N/A       100%        2
 Mercury Vapours          Alch/Air       0%         N/A       100%        2
 Momentum Strike          Conj/Tloc      0%         3d8       100%        2
 Frozen Ramparts          Ice            0%         1d1       100%        3
 Hailstorm                Conj/Ice       0%         3d5       100%        3
 Mephitic Cloud           Conj/Alch/Air  0%         N/A       100%        3
 Ozocubu's Armour         Ice            0%         N/A       100%        3
 Freezing Cloud           Conj/Ice/Air   0%         6-21      100%        5
 Metabolic Englaciation   Hex/Ice        0%         N/A       100%        5
 Plasma Beam              Fire/Air       0%         2x1d10    100%        6
 Starburst                Conj/Fire      0%         6d3       100%        6


Dungeon Overview and Level Annotations

Branches:
Dungeon (12/15)            Temple (1/1) D:5            Lair (0/5) D:11
    Orc (0/2) D:10          IceCv (visited)

Altars:
Ashenzari
Cheibriados
Dithmenos
Fedhas
Gozag
Hepliaklqana
Kikubaaqudgha
Makhleb
Nemelex Xobeh
Okawaru
Qazlal
Ru
Sif Muna
Trog
Uskayaw
Vehumet
Wu Jian
Xom
Yredelemnul

Shops:
D:1 (

Annotations:
D:8 3 runed translucent doors


Innate Abilities, Weirdness & Mutations

A weak demonic guardian rushes to your aid.
You regenerate health from kills.
Your magical and physical power is slightly enhanced at high health.
You are mostly covered in razor-sharp scales. (AC +2, Slay +2)
Your touch may inflict irresistible damage on your foes.
Your skin changes colour to match your surroundings (Stealth+).
You occasionally lose the ability to read scrolls when taking damage.


Message History

The skeletal warrior hits you but does no damage.
You closely miss the skeletal warrior.
You hear a shout! x2
You impale the skeletal warrior!! You burn the skeletal warrior!
The skeletal warrior is heavily damaged.
The skeletal warrior hits you with a +0 trident!!
You puncture the skeletal warrior! You burn the skeletal warrior.
The skeletal warrior is heavily damaged.
You hear a shout!
The meliai calls down the wrath of its god upon you.
Something smites you!
The skeletal warrior hits you but does no damage.
You puncture the skeletal warrior! You burn the skeletal warrior.
The skeletal warrior is severely damaged.
You block the skeletal warrior's attack.
A gnoll comes into view. It is wielding a +0 whip.
You hit the skeletal warrior but do no damage.
The skeletal warrior is severely damaged.
The meliai calls down the wrath of its god upon you.
Something smites you!
You are too injured to fight recklessly!
You puncture the skeletal warrior! You burn the skeletal warrior.
You destroy the skeletal warrior!
Qazlal accepts your kill.
The meliai invokes the aid of its god against you.
Something smites you!
A demonic guardian appears!
The meliai invokes the aid of its god against you.
Something smites you!
* * * LOW HITPOINT WARNING * * *
The meliai hits you but does no damage. You block the meliai's attack.
A skeletal warrior comes into view. It is wielding a +0 war axe.
The meliai hits you but does no damage. The meliai stings you.
* * * LOW HITPOINT WARNING * * *
You block the meliai's attack.
The meliai hits your iron imp with a +0 hand axe.
The meliai stings you but does no damage.
Your iron imp hits the meliai.
The meliai mumbles some strange prayers to its god against you.
Something smites you!
You die...

# ...
....g######
...zz.yzy5#
...>.####.#
... .## #@# .
..# #.# #^#
#.# #.# #.#
..# #.# #.#
#.# #.# #.#
#.#
#.###.#####
#.#
#.........####
#.#
###..#.......#
#.#


You could see a meliai (ally target) and a friendly iron imp (summoned).

Vanquished Creatures
  Harold (D:9)
  Erica (D:8)
  2 centaur warriors
  A boulder beetle (D:11)
  3 two-headed ogres
  A skeletal warrior (D:12)
  Pikel (D:4)
  2 ugly things
  2 cyclopes
  2 ice statues (IceCv)
  A gargoyle (D:10)
  Jeremiah (D:7)
  2 rime drakes (D:11)
  4 komodo dragons
  A freezing wraith (IceCv)
  3 kobold demonologists (D:9)
  4 trolls
  Grinder (D:5)
  2 wraiths
  3 shadows
  4 yaks
  4 wyverns
  A vampire (D:11)
  2 wargs (D:10)
  Grum (D:9)
  3 steam dragons
  3 acid dragons
  An ice beast (D:7)
  3 water moccasins
  4 orc warriors
  2 black bears
  2 ogres
  4 wolves (D:9)
  2 lemures (D:3)
  A phantom (D:5)
  6 centaurs
  2 bullfrogs
  4 kobold brigands (D:9)
  4 gnoll sergeants
  A cane toad simulacrum (IceCv)
  3 scorpions
  7 wights
  12 killer bees
  An elephant simulacrum (IceCv)
  3 howler monkeys
  2 bombardier beetles
  Crazy Yiuf (D:5)
  2 jellies (D:6)
  14 orc priests
  A gnoll bouda (D:8)
  2 hounds
  Ijyb (D:3)
  Terence (D:2)
  2 sleepcaps
  5 iguanas
  10 orc wizards
  A polar bear simulacrum (IceCv)
  2 wolf simulacra (IceCv)
  Robin (D:3)
  10 adders
  19 gnolls
  6 ufetubi
  34 orcs
  10 ball pythons
  7 endoplasms
  6 giant cockroaches
  13 goblins
  9 hobgoblins
  7 quokkas
  2 bats (D:1)
  5 frilled lizards
  7 kobolds
  5 rats
303 creatures vanquished.

Vanquished Creatures (collateral kills)
  A basilisk (D:9)
  An orc warrior (D:9)
  A howler monkey (D:10)
  An orc wizard (D:10)
4 creatures vanquished.

Grand Total: 307 creatures vanquished

Notes
Turn   | Place    | Note
-------+----------+-------------------------------------------
     0 | D:1      | Meejax the Demonspawn Gladiator began the quest for the
                  | Orb.
     0 | D:1      | Reached XP level 1. HP: 16/16 MP: 1/1
   171 | D:1      | Gained mutation: You regenerate a little health from kills.
                  | [demonic ancestry]
   171 | D:1      | Reached XP level 2. HP: 15/22 MP: 2/2
   442 | D:1      | Found Luotwefa's Weapon Emporium.
   862 | D:2      | Gained mutation: You are partially covered in razor-sharp
                  | scales. (AC +1, Slay +1) [demonic ancestry]
   862 | D:2      | Reached XP level 3. HP: 27/27 MP: 3/3
  1348 | D:2      | Noticed Terence
  1360 | D:2      | Killed Terence
  1427 | D:2      | Reached skill level 1 in Armour
  1427 | D:2      | Reached XP level 4. HP: 32/34 MP: 4/4
  1584 | D:2      | Identified the +8 sling of the Keeping Queen {speed, Int+7
                  | Stlth+}
  2247 | D:3      | Reached skill level 1 in Stealth
  2247 | D:3      | Gained mutation: Your touch may inflict minor irresistible
                  | damage on your foes. [demonic ancestry]
  2247 | D:3      | Reached XP level 5. HP: 39/39 MP: 5/5
  2317 | D:3      | Noticed Robin
  2361 | D:3      | Found a faded altar of an unknown god.
  2402 | D:3      | Killed Robin
  2570 | D:4      | Noticed a lemure
  2570 | D:4      | Noticed Ijyb
  2572 | D:4      | Noticed a lemure
  2573 | D:4      | Noticed Pikel
  2573 | D:4      | Noticed a lemure
  2588 | D:3      | Killed a lemure
  2731 | D:4      | Noticed a lemure
  2738 | D:3      | Reached skill level 1 in Ranged Weapons
  2905 | D:3      | Killed a lemure
  3020 | D:4      | Gained mutation: You are mostly covered in razor-sharp
                  | scales. (AC +2, Slay +2) [demonic ancestry]
  3020 | D:4      | Reached XP level 6. HP: 46/46 MP: 6/6
  3046 | D:3      | Killed Ijyb
  3158 | D:4      | Killed Pikel
  3159 | D:4      | Reached skill level 2 in Armour
  3159 | D:4      | Gained mutation: A weak demonic guardian rushes to your
                  | aid. [demonic ancestry]
  3159 | D:4      | Reached XP level 7. HP: 39/52 MP: 7/7
  3478 | D:4      | Reached skill level 5 in Ranged Weapons
  3549 | D:5      | Entered Level 5 of the Dungeon
  3558 | D:5      | Identified the +0 plate armour of the Black Skies {rF+ rN+
                  | Slay+5 Stlth+}
  3663 | D:5      | Found a staircase to the Ecumenical Temple.
  3876 | Temple   | Entered the Ecumenical Temple
  4012 | Temple   | Became a worshipper of Qazlal Stormbringer
  4141 | D:5      | Reached skill level 5 in Long Blades
  4141 | D:5      | Reached XP level 8. HP: 58/58 MP: 8/8
  4149 | D:5      | Noticed Grinder
  4150 | D:5      | Paralysed by Grinder for 2 turns
  4165 | D:5      | Killed Grinder
  4253 | D:5      | Identified a scroll of acquirement
  4253 | D:5      | Acquired a manual of Armour
  4292 | D:5      | Reached skill level 3 in Armour
  4725 | D:5      | Found a runed translucent door.
  4726 | D:5      | Noticed Crazy Yiuf
  4768 | D:5      | Killed Crazy Yiuf
  4919 | D:6      | Reached skill level 4 in Armour
  4919 | D:6      | Reached XP level 9. HP: 41/66 MP: 9/9
  5188 | D:6      | Reached * piety under Qazlal
  5305 | D:6      | Reached skill level 5 in Armour
  5588 | D:7      | Reached skill level 5 in Fighting
  5619 | D:7      | Acquired 1152 gold pieces
  5886 | D:1      | Bought the +12 dire flail "Duohyff" {flame, rC+} for 893
                  | gold pieces
  6053 | D:7      | Reached skill level 6 in Armour
  6089 | D:7      | Reached ** piety under Qazlal
  6113 | D:7      | Reached skill level 1 in Maces & Flails
  6135 | D:7      | Noticed Jeremiah
  6154 | D:7      | Gained mutation: You are clumsy. (Dex -2) [potion of
                  | mutation]
  6154 | D:7      | Gained mutation: You are vulnerable to cold. (rC-) [potion
                  | of mutation]
  6154 | D:7      | Gained mutation: You have hidden genetic potential. [potion
                  | of mutation]
  6159 | D:7      | Killed Jeremiah
  6723 | D:7      | Found a bloodstained altar of Trog.
  6729 | D:7      | Found a broken altar of Ashenzari.
  6729 | D:7      | Found a hazy altar of Hepliaklqana.
  6734 | D:7      | Found an ornate altar of the Wu Jian Council.
  6808 | D:8      | You fall into a shaft and drop 2 floors!
  6808 | D:10     | Entered Level 10 of the Dungeon
  6814 | D:10     | Noticed a gargoyle
  6825 | D:10     | Killed a gargoyle
  6826 | D:10     | Gained mutation: Your touch may inflict irresistible damage
                  | on your foes. [demonic ancestry]
  6826 | D:10     | Reached XP level 10. HP: 68/75 MP: 10/10
  6869 | D:9      | Noticed Grum
  6875 | D:9      | Reached skill level 7 in Armour
  6888 | D:9      | Killed Grum
  6946 | D:9      | Noticed a soul eater
  6961 | D:9      | HP: 3/74 [soul eater[a kobold demonologist] (13)]
  7241 | D:8      | Reached skill level 8 in Armour
  7243 | D:8      | Gained mutation: You are robust. (+10% HP) [hidden
                  | potential]
  7244 | D:8      | Lost mutation: You have hidden genetic potential. [potion
                  | of mutation]
  7244 | D:8      | Lost mutation: You are vulnerable to cold. (rC-) [potion of
                  | mutation]
  7244 | D:8      | Lost mutation: You are clumsy. (Dex -2) [potion of
                  | mutation]
  7244 | D:8      | Gained mutation: You occasionally lose the ability to read
                  | scrolls when taking damage. [potion of mutation]
  7244 | D:8      | Lost mutation: You are robust. (+10% HP) [potion of
                  | mutation]
  7244 | D:8      | Gained mutation: Your skin changes colour to match your
                  | surroundings (Stealth+). [potion of mutation]
  7529 | D:9      | Noticed a green ugly thing
  7548 | D:9      | Killed a green ugly thing
  7549 | D:9      | Reached skill level 5 in Maces & Flails
  7549 | D:9      | Reached skill level 1 in Shields
  7658 | D:9      | Noticed a two-headed ogre
  7667 | D:9      | Killed a two-headed ogre
  7668 | D:9      | Reached skill level 9 in Armour
  7697 | D:9      | Noticed a centaur warrior
  7706 | D:9      | Killed a centaur warrior
  7994 | D:9      | Reached *** piety under Qazlal
  7995 | D:9      | Gained mutation: You regenerate health from kills. [demonic
                  | ancestry]
  7995 | D:9      | Reached XP level 11. HP: 83/83 MP: 11/11
  8471 | D:8      | Reached skill level 10 in Armour
  8582 | D:8      | Noticed Erica
  8587 | D:8      | Killed Erica
  8749 | D:8      | Found a runed translucent gate.
  8749 | D:8      | Found a runed translucent gate.
  8749 | D:8      | Found a runed translucent gate.
  8751 | D:8      | Noticed a brown ugly thing
  8751 | D:8      | Noticed a red ugly thing
  8752 | D:8      | Noticed a purple ugly thing
  8752 | D:8      | Noticed a white ugly thing
  8857 | D:9      | Noticed a two-headed ogre
  8863 | D:9      | Killed a two-headed ogre
  9042 | D:9      | Noticed Harold
  9048 | D:9      | Killed Harold
  9344 | D:10     | Noticed a two-headed ogre
  9448 | D:10     | Reached **** piety under Qazlal
  9524 | D:10     | Found a staircase to the Orcish Mines.
  9538 | D:10     | Killed a two-headed ogre
  9539 | D:10     | Reached skill level 11 in Armour
  9855 | D:11     | Found a frozen archway.
  9978 | IceCv    | Entered an ice cave
  9978 | IceCv    | Noticed a white ugly thing
  9986 | IceCv    | Killed a white ugly thing
  9989 | IceCv    | Found a transporter.
  9996 | IceCv    | Found a transporter.
 10022 | IceCv    | Gained mutation: Your magical and physical power is
                  | slightly enhanced at high health. [demonic ancestry]
 10022 | IceCv    | Reached XP level 12. HP: 88/91 MP: 12/12
 10024 | IceCv    | Identified the +2 robe of Fun and Games {Will++ Dex-3}
 10036 | IceCv    | Reached skill level 12 in Armour
 10189 | D:11     | Noticed a boulder beetle
 10197 | D:11     | Killed a boulder beetle
 10266 | D:11     | Noticed a centaur warrior
 10274 | D:11     | Killed a centaur warrior
 10466 | D:11     | Identified the +2 trident of False Accusations {protect,
                  | rC++}
 10781 | D:11     | Reached skill level 10 in Maces & Flails
 10793 | D:11     | Found a staircase to the Lair.
 11187 | D:12     | Killed from afar by a meliai

Illustrated notes

Levels and vault maps discovered:
D:1:      scummos_arrival_hexagon, layout_basic, serial_shops,
          nicolae_shop_bloodbath_and_beyond
D:2:      layout_loops_corners, uniq_terence
D:3:      layout_basic, chequers_ecumenical_altar_simple, chequers_garden,
          kennysheep_generic_room_15, uniq_robin
D:4:      layout_rooms, uniq_pikel, uniq_ijyb
D:5:      layout_basic, minmay_temple_entry_hall, glass_columns_a, uniq_grinder,
          uniq_crazy_yiuf_cottage
D:6:      layout_loops_cross
D:7:      layout_loops_ring, minitemple, uniq_jeremiah
D:8:      layout_basic, ploomutoo_gammafunk_ghost_potion_laboratory, uniq_erica
D:9:      layout_basic, kennysheep_nub, minmay_shattered_shrine, uniq_grum,
          uniq_harold
D:10:     layout_cave_pools, erik_orc_4
D:11:     layout_cave_pools, erik_lair_dragon, portal_ice_cave_rime
D:12:     layout_loops_ring
Temple:   regret_index_temple_chain_breaker

Skill      XL: |  1  2  3  4  5  6  7  8  9 10 11 12 |
---------------+-------------------------------------+-----
Dodging        | 3 |  3.7
Long Blades    | 3 4 5 6 |  6.6
Armour         | 1 2 4 6 9 11 12 | 12.9
Stealth        | 1 |  1.9
Ranged Weapons | 2 4 5 6 7 8 |  8.2
Fighting       | 3 4 5 6 7 8 |  8.2
Maces & Flails | 3 6 9 10 | 10.5
Shields        | 1 2 |  2.6
Throwing       | |  1.8

Action                     |  1- 3 |  4- 6 |  7- 9 | 10-12 || total
---------------------------+-------+-------+-------+-------++-------
  Melee: Long sword        |    93 |   101 |     4 |       ||   198
         Touch             |       |     7 |    10 |       ||    17
         Scimitar          |       |       |    62 |       ||    62
         Dire flail        |       |       |    44 |   320 ||   364
   Fire: Sling             |       |    75 |   108 |    21 ||   204
  Throw: Throwing net      |     2 |     1 |       |     1 ||     4
 Invoke: Upheaval          |       |       |       |     1 ||     1
    Use: Scroll            |       |       |    17 |     6 ||    23
         Potion            |       |       |     6 |     4 ||    10
   Stab: Sleeping          |     2 |       |       |       ||     2
         Held in net/web   |     2 |     1 |       |       ||     3
         Invisible         |       |       |     1 |       ||     1
 Armour: Leather armour    |    53 |    87 |     1 |       ||   141
         Plate armour      |       |       |   125 |   317 ||   442
  Dodge: Dodged            |    75 |    83 |    37 |    83 ||   278
         Repelled          |       |       |       |     7 ||     7
  Block: Other             |       |       |     3 |    51 ||    54

Table legend: (Time is in decaauts)
 A = Elapsed time spent in this place.
 B = Non-inter-level travel time spent in this place.
 C = Inter-level travel time spent in this place.
 D = Time resting spent in this place.
 E = Time spent auto-exploring this place.
 F = Levels seen in this place.
 G = Mean time per level.
                   A        B        C        D        E       F      G
               +--------+--------+--------+--------+--------+-----+--------+
         Total |  11217 |  10041 |   1176 |   1202 |   6677 |  14 |  801.2 |
       Dungeon |  10877 |   9721 |   1156 |   1102 |   6644 |  12 |  906.4 |
        Temple |    156 |    136 |     20 |      0 |      0 |   1 |  156.0 |
      Ice Cave |    183 |    183 |      0 |    100 |     33 |   1 |  183.0 |
               +--------+--------+--------+--------+--------+-----+--------+

Top non-repeatable levels by time:
     D:9: 1615 daAuts
     D:2: 1275 daAuts
     D:5: 1198 daAuts
     D:3: 994 daAuts
     D:7: 989 daAuts
     D:8: 951 daAuts
     D:1: 934 daAuts
    D:11: 839 daAuts
     D:6: 766 daAuts
     D:4: 534 daAuts
    D:10: 507 daAuts
    D:12: 271 daAuts
   IceCv: 183 daAuts
  Temple: 156 daAuts
